Map: Ruins of Endion

Players

blackxored - Winner!

  • Race: Zerg Zerg
  • League: Diamond

pulsar

  • Race: Zerg Zerg
  • League: Platinum

VOD

Have the link to the VOD?

Description

Time

  • Played on: June 19, 2016, 7:09 p.m.
  • Length: 15:47
Show
View Real Time Build Order
Export as new Build Order

blackxored Zerg - Winner!

Build Orders: Pool First 

Get SALT Encoding   

  12  0:02  Drone  
  13  0:09  Drone  
  14  0:18  Overlord  
  14  0:24  Extractor  
  14  0:25  Drone  
  15  0:37  Drone x2  
  17  0:47  Spawning Pool  
  16  0:51  Drone  
  16  0:52  Extractor  
  16  0:56  Drone  
  17  1:09  Drone  
  18  1:21  Overlord  
  18  1:30  Drone  
  19  1:35  Queen  
  21  1:42  Zergling x2  
  22  1:51  Zergling x2  
  23  2:01  Metabolic Boost  
  23  2:03  Zergling x2  
  24  2:11  Queen  
  26  2:27  Hatchery  
  25  2:30  Drone  
  25  2:34  Drone  
  27  2:44  Hatchery  
  26  2:52  Baneling Nest, Drone  
  26  2:56  Drone  
  27  3:13  Lair  
  27  3:15  Drone x3  
  30  3:25  Extractor, Drone  
  30  3:27  Overlord  
  30  3:40  Baneling x2  
  30  3:44  Drone x4  
  34  3:51  Drone  
  35  4:03  Drone x5  
  35  4:06  Overlord  
  40  4:10  Overlord  
  40  4:15  Zergling x2  
  41  4:22  Drone  
  41  4:23  Spire  
  41  4:24  Drone x2  
  41  4:28  Extractor, Drone  
  41  4:30  Extractor, Drone  
  43  4:33  Overseer  
  43  4:36  Overlord  
  43  4:42  Drone x2  
  43  4:43  Drone  
  43  4:45  Drone x2  
  47  4:48  Drone  
  49  4:57  Zergling x2  
  49  4:58  Zergling x4  
  52  5:08  Drone x2  
  52  5:10  Spine Crawler x2  
  52  5:11  Drone  
  52  5:13  Spine Crawler  
  53  5:14  Zergling x4  
  53  5:18  Zergling x6  
  57  5:28  Queen  
  61  5:31  Zergling x6  
  64  5:44  Mutalisk x4  
  70  5:53  Mutalisk  
  64  5:59  Mutalisk  
  58  6:16  Zergling x4  
  58  6:17  Zergling x12  
  62  6:46  Hatchery  
  61  6:53  Drone x2  
  61  6:54  Drone x4  
  67  7:04  Zergling x4  
  67  7:05  Zergling x2  
  58  7:22  Zergling x2  
  58  7:23  Zergling x14  
  65  7:35  Baneling x2  
  65  7:46  Zergling x4  
  65  7:49  Overlord, Hatchery  
  65  7:50  Overlord x3  
  66  7:54  Evolution Chamber  
  66  7:56  Evolution Chamber  
  64  8:08  Infestation Pit  
  64  8:09  Drone  
  64  8:14  Drone x2  
  64  8:15  Extractor  
  64  8:16  Extractor  
  64  8:17  Drone x4  
  64  8:18  Drone x2  
  70  8:25  Zergling x2  
  69  8:29  Baneling x11  
  69  8:45  Zergling x2  
  69  8:46  Zergling x14  
  69  8:47  Zergling x2  
  78  8:57  Baneling x5  
  78  9:16  Queen  
  67  10:02  Zergling x10  
  65  10:11  Baneling  
  65  10:12  Baneling x11  
  65  10:15  Hive  
  65  10:16  Drone  
  61  10:52  Drone  
  61  10:53  Roach Warren, Zergling x2  
  61  10:54  Zergling x6  
  61  10:55  Overlord  
  61  10:56  Overlord x2  
  65  10:59  Zerg Melee Weapons Level 1, Zerg Ground Armor Level 1  
  65  11:13  Queen  
  67  11:35  Ultralisk Cavern, Drone  
  67  11:36  Zergling x2  
  67  11:37  Zergling x42  
  67  11:39  Baneling x8  
  89  11:46  Overseer  
  89  11:49  Overlord  
  89  11:56  Zergling x2  
  90  12:02  Adrenal Glands  
  69  12:18  Zergling x2  
  69  12:19  Zergling x10  
  72  12:30  Chitinous Plating, Hatchery  
  57  12:52  Ultralisk  
  57  12:53  Ultralisk x2  
  75  13:04  Ultralisk  
  81  13:12  Drone x3  
  84  13:14  Drone x3  
  84  13:18  Drone x3  
  90  13:20  Drone  
  90  13:21  Drone  
  90  13:25  Overlord x2  
  92  13:33  Hatchery  
  91  13:50  Ultralisk  
  101  14:24  Ultralisk x2  
  101  14:27  Overseer  
  107  14:44  Drone x4  
  107  14:45  Drone x8  
  119  15:06  Baneling  
  119  15:07  Baneling x15  
  119  15:08  Baneling  
  119  15:09  Baneling  
Show
View Real Time Build Order
Export as new Build Order

pulsar Zerg 

Build Orders: Hatch First 

Get SALT Encoding   

  12  0:01  Drone  
  13  0:08  Drone  
  14  0:18  Overlord  
  14  0:38  Drone x3  
  17  1:01  Hatchery  
  16  1:10  Spawning Pool  
  15  1:13  Drone  
  15  1:16  Drone  
  17  1:20  Drone  
  18  1:33  Extractor, Drone  
  18  1:39  Drone  
  19  1:46  Drone  
  20  1:57  Queen  
  22  2:03  Overlord  
  22  2:11  Overlord  
  22  2:14  Queen  
  25  2:15  Drone  
  25  2:18  Drone  
  26  2:28  Baneling Nest  
  25  2:30  Zergling x4  
  25  2:35  Zergling x2  
  28  2:42  Zergling x2  
  29  2:50  Roach Warren  
  28  2:52  Evolution Chamber  
  27  3:12  Baneling x2  
  27  3:13  Baneling  
  27  3:15  Drone x4  
  31  3:25  Drone  
  31  3:26  Drone x3  
  35  3:44  Roach x4  
  43  3:53  Extractor  
  42  4:05  Roach  
  44  4:12  Overlord x4  
  44  4:26  Overlord x2  
  44  4:49  Roach x5  
  54  5:02  Roach x2  
  58  5:13  Lair  
  58  5:15  Zergling x6  
  61  5:25  Zergling x8  
  65  5:31  Metabolic Boost  
  65  5:55  Zergling x18  
  55  6:13  Zergling x4  
  48  6:38  Zergling x14  
  48  6:50  Hydralisk Den  
  38  7:23  Zergling x24  
  41  7:38  Hydralisk  
  41  7:39  Hydralisk  
  41  7:43  Baneling x2  
  41  7:44  Baneling  
  45  7:48  Hydralisk x6  
  57  8:02  Hydralisk x2  
  61  8:27  Hydralisk x5  
  71  8:37  Baneling  
  71  8:38  Baneling  
  71  8:48  Drone x4  
  72  8:49  Drone  
  72  8:54  Extractor, Spore Crawler  
  72  8:55  Extractor  
  73  8:58  Spore Crawler  
  72  9:09  Spore Crawler  
  69  9:31  Hydralisk  
  69  9:32  Hydralisk x2  
  56  10:06  Hydralisk x5  
  37  10:07  Hydralisk x2  
  47  10:16  Zergling x4  
  47  10:19  Queen  
  51  10:23  Hydralisk x2  
  54  10:51  Baneling  
  54  10:52  Baneling x2  
  54  10:55  Zergling x2  
  54  10:56  Zergling x18  
  64  11:06  Roach  
  64  11:11  Roach x4  
  74  11:22  Drone  
  74  11:25  Overlord x3  
  75  11:37  Baneling x12  
  75  11:43  Zergling x10  
  54  12:19  Hydralisk x4  
  43  12:30  Drone  
  43  12:31  Drone x2  
  43  12:33  Baneling x2  
  46  12:41  Baneling  
  42  12:55  Baneling  
  42  13:05  Hydralisk x2  
  42  13:06  Hydralisk  
  42  13:10  Drone  
  42  13:11  Drone  
  50  13:19  Zerg Missile Weapons Level 1  
  50  13:42  Hydralisk x3  
  56  13:53  Roach x3  
  55  14:23  Hydralisk x3  
  55  14:24  Hydralisk x2  
  57  14:47  Nydus Network  
  56  14:52  Hydralisk x2  
  56  14:53  Hydralisk  
  56  14:58  Hydralisk  
  64  15:07  Hydralisk x2  
Tags
 
Add a new tag
Caveats
  • Supply blocks, unpowered buildings, or Contaminate may cause inaccurate times.
  • Supply counts are checked every 10 seconds.